SL
LONG ISLAND LIGHTHOUSE @ D.C. DIVIDED
07/10/2042
 
TOP OF THE 1ST
Long Island Lighthouse batting - Pitching for D.C. Divided : RHP Van Hileman
Pitching: RHP Van Hileman
Batting: RHB Eugene Bennett 0-0: Foul Ball, location: 2F
0-1: Swinging Strike
0-2: Strikes out swinging
Batting: RHB Mark Toope 0-0: Foul Ball, location: 2F
0-1: Foul Ball, location: 2F
0-2: Foul Ball, location: 2F
0-2: Fly out, F7 (Flyball, 78D, EV 93.8 MPH)
Batting: RHB Jonas van Claveren 0-0: Ball
1-0: Ball
2-0: Ball
3-0: Called Strike
3-1: Fly out, F5 (Popup, 5SF, EV 82.5 MPH)
Top of the 1st over - 0 runs, 0 hits, 0 errors, 0 left on base; Long Island 0 - D.C. 0
BOTTOM OF THE 1ST
D.C. Divided batting - Pitching for Long Island Lighthouse : RHP Valentin Calhamar
Pitching: RHP Valentin Calhamar
Batting: RHB Peni Ferede 0-0: Swinging Strike
0-1: Ball
1-1: Ball
2-1: Foul Ball, location: 2F
2-2: Strikes out swinging
Batting: LHB Bill Butler 0-0: Foul Ball, location: 2F
0-1: Called Strike
0-2: Ball
1-2: Foul Ball, location: 2F
1-2: Ball
2-2: SINGLE (Flyball, 9LM, EV 103.1 MPH)
Batting: RHB Martín Chávez 0-0: Ball
1-0: Called Strike
1-1: Ball
2-1: Called Strike
2-2: Foul Ball, location: 2F
2-2: Grounds into double play, 6-4-3 (Groundball, 6, EV 99.4 MPH)
Bottom of the 1st over - 0 runs, 1 hit, 0 errors, 0 left on base; Long Island 0 - D.C. 0
TOP OF THE 2ND
Long Island Lighthouse batting - Pitching for D.C. Divided : RHP Van Hileman
Batting: LHB Scott Kerin 0-0: Ball
1-0: Foul Ball, location: 2F
1-1: Foul Ball, location: 2F
1-2: Ball
2-2: Ball
3-2: Strikes out looking
Batting: RHB Iiri Haapajarvi 0-0: Called Strike
0-1: Foul Ball, location: 2F
0-2: Ball
1-2: Ball
2-2: Ball
3-2: Reached on error, E5 (Groundball, 5, EV 90.0 MPH)
Batting: RHB Colm Goodwill 0-0: Called Strike
0-1: Ball
Pickoff Throw to First - Out! 1-3
1-1: DOUBLE (Line Drive, 8LXD, EV 108.1 MPH)
Batting: RHB Oliver Villalva 0-0: Ball
1-0: SINGLE (Line Drive, 89M, EV 106.2 MPH)
Colm Goodwill to third
Runner from 3rd tries for Home, SAFE, throw by CF to home
Batting: RHB Quan Easterling 0-0: Ball
1-0: Swinging Strike
1-1: Swinging Strike
1-2: Foul Ball, location: 2F
1-2: Foul Ball, location: 2F
1-2: Strikes out swinging, 2-3 out at first.
Top of the 2nd over - 1 run, 2 hits, 1 error, 1 left on base; Long Island 1 - D.C. 0
BOTTOM OF THE 2ND
D.C. Divided batting - Pitching for Long Island Lighthouse : RHP Valentin Calhamar
Batting: LHB Stanley Zijm 0-0: Swinging Strike
0-1: Foul Ball, location: 2F
0-2: Foul Ball, location: 2F
0-2: Ball
1-2: Strikes out swinging
Batting: SHB Billy Dotson 0-0: Foul Ball, location: 2F
0-1: Swinging Strike
0-2: Strikes out swinging
Batting: LHB Manuel Carmona 0-0: Ball
1-0: Foul Ball, location: 2F
1-1: Bunted foul
1-2: Ball
2-2: Ball
3-2: Foul Ball, location: 2F
3-2: DOUBLE (Line Drive, 78D, EV 113.8 MPH)
Batting: LHB Buddy Patton 0-0: Ball
1-0: Ball
2-0: SINGLE (Groundball, 4MD, EV 96.9 MPH)
Manuel Carmona to third
Runner from 3rd tries for Home, SAFE, no throw by CF
Batting: RHB Francisco Alhama 0-0: Ball
1-0: Swinging Strike
1-1: Swinging Strike
1-2: Foul Ball, location: 2F
1-2: Strikes out swinging
Bottom of the 2nd over - 1 run, 2 hits, 0 errors, 1 left on base; Long Island 1 - D.C. 1
TOP OF THE 3RD
Long Island Lighthouse batting - Pitching for D.C. Divided : RHP Van Hileman
Batting: RHB Carlos Mendoza 0-0: Ball
1-0: Called Strike
1-1: SINGLE (Groundball, 6D, EV 101.9 MPH)
Batting: RHB Eugene Bennett 0-0: Ball
1-0: Grounds into double play, 5-4-3 (Groundball, 5, EV 83.8 MPH)
Batting: RHB Mark Toope 0-0: Called Strike
0-1: Ball
1-1: Foul Ball, location: 2F
1-2: DOUBLE (Line Drive, 89D, EV 110.6 MPH)
Batting: RHB Jonas van Claveren 0-0: Ball
1-0: Foul Ball, location: 2F
1-1: Ground out 4-3 (Groundball, 4S, EV 86.2 MPH)
Top of the 3rd over - 0 runs, 2 hits, 0 errors, 1 left on base; Long Island 1 - D.C. 1
BOTTOM OF THE 3RD
D.C. Divided batting - Pitching for Long Island Lighthouse : RHP Valentin Calhamar
Batting: RHB Layton Arntsen 0-0: Ball
1-0: Called Strike
1-1: Foul Ball, location: 2F
1-2: Ball
2-2: Ball
3-2: Foul Ball, location: 2F
3-2: DOUBLE (Line Drive, 3D, EV 96.9 MPH)
Batting: RHB Peni Ferede 0-0: Called Strike
0-1: Foul Ball, location: 2F
0-2: Strikes out swinging
Batting: LHB Bill Butler 0-0: Called Strike
0-1: Ball
1-1: Swinging Strike
1-2: Foul Ball, location: 2F
1-2: Strikes out swinging
Batting: RHB Martín Chávez 0-0: Ball
1-0: Called Strike
1-1: Swinging Strike
1-2: Ball
2-2: Strikes out swinging
Bottom of the 3rd over - 0 runs, 1 hit, 0 errors, 1 left on base; Long Island 1 - D.C. 1
TOP OF THE 4TH
Long Island Lighthouse batting - Pitching for D.C. Divided : RHP Van Hileman
Batting: LHB Scott Kerin 0-0: Ball
1-0: Called Strike
1-1: Ball
2-1: Foul Ball, location: 2F
2-2: Ball
3-2: Fly out, F5 (Popup, 5SF, EV 78.8 MPH)
Batting: RHB Iiri Haapajarvi 0-0: Called Strike
0-1: Foul Ball, location: 2F
0-2: Strikes out swinging
Batting: RHB Colm Goodwill 0-0: Called Strike
0-1: Ball
1-1: SINGLE (Line Drive, 9S, EV 87.5 MPH)
Batting: RHB Oliver Villalva 0-0: Foul Ball, location: 2F
0-1: Ball
1-1: Fly out, F8 (Flyball, 78XD, EV 101.9 MPH)
Top of the 4th over - 0 runs, 1 hit, 0 errors, 1 left on base; Long Island 1 - D.C. 1
BOTTOM OF THE 4TH
D.C. Divided batting - Pitching for Long Island Lighthouse : RHP Valentin Calhamar
Batting: LHB Stanley Zijm 0-0: Ball
1-0: Called Strike
1-1: Ground out 5-3 (Groundball, 56, EV 103.8 MPH)
Batting: SHB Billy Dotson 0-0: Called Strike
0-1: Reached on error, E1 (Groundball, 13, EV 88.8 MPH)
Batting: LHB Manuel Carmona 0-0: Ground out 1-3 (Groundball, 13S, EV 66.9 MPH)
Billy Dotson to third
Batting: LHB Buddy Patton 0-0: Called Strike
0-1: Ground out U3 (Groundball, 3, EV 89.4 MPH)
Bottom of the 4th over - 0 runs, 0 hits, 1 error, 1 left on base; Long Island 1 - D.C. 1
TOP OF THE 5TH
Long Island Lighthouse batting - Pitching for D.C. Divided : RHP Van Hileman
Batting: RHB Quan Easterling 0-0: Fly out, F8 (Flyball, 8RS, EV 90.6 MPH)
Batting: RHB Carlos Mendoza 0-0: Fly out, F8 (Line Drive, 8RM, EV 100.0 MPH)
Batting: RHB Eugene Bennett 0-0: Foul Ball, location: 2F
0-1: Ball
1-1: Swinging Strike
1-2: Ball
2-2: Strikes out swinging
Top of the 5th over - 0 runs, 0 hits, 0 errors, 0 left on base; Long Island 1 - D.C. 1
BOTTOM OF THE 5TH
D.C. Divided batting - Pitching for Long Island Lighthouse : RHP Valentin Calhamar
Batting: RHB Francisco Alhama 0-0: Ball
1-0: Swinging Strike
1-1: Foul Ball, location: 2F
1-2: Strikes out swinging
Batting: RHB Layton Arntsen 0-0: Ball
1-0: Ball
2-0: Called Strike
2-1: Swinging Strike
2-2: Ground out 6-3 (Groundball, 6, EV 86.2 MPH)
Batting: RHB Peni Ferede 0-0: Fly out, F9 (Flyball, 9S, EV 91.9 MPH)
Bottom of the 5th over - 0 runs, 0 hits, 0 errors, 0 left on base; Long Island 1 - D.C. 1
TOP OF THE 6TH
Long Island Lighthouse batting - Pitching for D.C. Divided : RHP Van Hileman
Batting: RHB Mark Toope 0-0: Ball
1-0: Foul Ball, location: 2F
1-1: Swinging Strike
1-2: Ground out 4-3 (Groundball, 4, EV 111.2 MPH)
Batting: RHB Jonas van Claveren 0-0: Ball
1-0: Foul Ball, location: 2F
1-1: Fly out, F8 (Line Drive, 8RM, EV 93.8 MPH)
Batting: LHB Scott Kerin 0-0: Ball
1-0: Called Strike
1-1: SINGLE (Flyball, 78S, EV 88.1 MPH)
Batting: RHB Iiri Haapajarvi 0-0: Ball
1-0: Foul Ball, location: 2F
1-1: Foul Ball, location: 2F
1-2: Fly out, F9 (Flyball, 9LS, EV 81.2 MPH)
Top of the 6th over - 0 runs, 1 hit, 0 errors, 1 left on base; Long Island 1 - D.C. 1
BOTTOM OF THE 6TH
D.C. Divided batting - Pitching for Long Island Lighthouse : RHP Valentin Calhamar
Batting: LHB Bill Butler 0-0: Ball
1-0: Ball
2-0: Ground out 5-3 (Groundball, 56, EV 88.1 MPH)
Batting: RHB Martín Chávez 0-0: Called Strike
0-1: Reached on error, E2 (Groundball, 2L, EV 71.9 MPH)
Batting: LHB Stanley Zijm 0-0: Ball
1-0: Called Strike
1-1: Ball
2-1: Called Strike
2-2: Grounds into double play, 6-4-3 (Groundball, 6, EV 87.5 MPH)
Bottom of the 6th over - 0 runs, 0 hits, 1 error, 0 left on base; Long Island 1 - D.C. 1
TOP OF THE 7TH
Long Island Lighthouse batting - Pitching for D.C. Divided : RHP Van Hileman
Batting: RHB Colm Goodwill 0-0: Ball
1-0: Ball
2-0: Foul Ball, location: 2F
2-1: Swinging Strike
2-2: Strikes out swinging
Batting: RHB Oliver Villalva 0-0: Foul Ball, location: 2F
0-1: Swinging Strike
0-2: Foul Ball, location: 2F
0-2: Ball
1-2: Ball
2-2: Strikes out swinging
Batting: RHB Quan Easterling 0-0: Called Strike
0-1: Ball
1-1: SINGLE (Groundball, 56D, EV 103.8 MPH)
Pitching: RHP Nand Lal Chaudhary
Batting: RHB Carlos Mendoza 0-0: Called Strike
0-1: Called Strike
Balk!
Quan Easterling to second
0-2: Ball
1-2: Ground out 1-3 (Groundball, 13S, EV 74.4 MPH)
Top of the 7th over - 0 runs, 1 hit, 0 errors, 1 left on base; Long Island 1 - D.C. 1
BOTTOM OF THE 7TH
D.C. Divided batting - Pitching for Long Island Lighthouse : RHP Valentin Calhamar
Pitching: RHP Liam Thomson
Batting: SHB Billy Dotson 0-0: Ball
1-0: Ball
2-0: Foul Ball, location: 2F
2-1: SINGLE (Groundball, 4MD, EV 108.1 MPH)
Batting: LHB Manuel Carmona 0-0: Sac Bunt to 2L - play at first, batter OUT! 2-4
Billy Dotson to second
Batting: LHB Buddy Patton 0-0: Ball
1-0: Ball
2-0: Swinging Strike
2-1: DOUBLE (Groundball, 3L, EV 106.9 MPH)
Billy Dotson scores
Batting: RHB Francisco Alhama 0-0: 2-RUN HOME RUN (Flyball, 7LD, EV 106.2 MPH), Distance : 355 ft
Pitching: RHP Jorge Villanueva
Batting: RHB Layton Arntsen 0-0: Ball
1-0: Ground out 5-3 (Groundball, 56S, EV 82.5 MPH)
Batting: RHB Peni Ferede 0-0: Swinging Strike
0-1: Ball
1-1: Foul Ball, location: 2F
1-2: Ball
2-2: Fly out, F8 (Line Drive, 8RM, EV 100.6 MPH)
Bottom of the 7th over - 3 runs, 3 hits, 0 errors, 0 left on base; Long Island 1 - D.C. 4
TOP OF THE 8TH
Long Island Lighthouse batting - Pitching for D.C. Divided : RHP Nand Lal Chaudhary
Batting: RHB Eugene Bennett 0-0: Fly out, F5 (Popup, 56S, EV 75.6 MPH)
Batting: RHB Mark Toope 0-0: Ball
1-0: Ball
2-0: Ball
3-0: Base on Balls
Batting: RHB Jonas van Claveren 0-0: SINGLE (Groundball, 34D, EV 98.1 MPH)
Mark Toope to second
Runner from 2nd tries for 3rd, SAFE, throw by RF made to third
Batting: LHB Scott Kerin 0-0: Ball
1-0: Ball
2-0: SINGLE (Line Drive, 78S, EV 98.8 MPH)
Mark Toope scores
Jonas van Claveren to second
Batting: RHB Iiri Haapajarvi 0-0: Ball
1-0: Swinging Strike
1-1: Called Strike
1-2: Strikes out looking
Batting: RHB Colm Goodwill 0-0: Called Strike
0-1: Ball
Passed Ball!
Jonas van Claveren to third
Scott Kerin to second
1-1: Swinging Strike
1-2: Ball
2-2: Ball
3-2: Foul Ball, location: 2F
3-2: Foul Ball, location: 2F
3-2: Base on Balls
Batting: RHB Oliver Villalva 0-0: Fielders Choice at 2nd, 6-4 (Groundball, 6, EV 100.0 MPH)
Top of the 8th over - 1 run, 2 hits, 0 errors, 3 left on base; Long Island 2 - D.C. 4
BOTTOM OF THE 8TH
D.C. Divided batting - Pitching for Long Island Lighthouse : RHP Jorge Villanueva
Batting: LHB Bill Butler 0-0: Ground out 6-3 (Groundball, 6MS, EV 88.8 MPH)
Batting: RHB Martín Chávez 0-0: Called Strike
0-1: Ball
1-1: Ball
2-1: Swinging Strike
2-2: Strikes out swinging
Batting: LHB Stanley Zijm 0-0: Ball
1-0: Ball
2-0: Called Strike
2-1: Foul Ball, location: 2F
2-2: Foul Ball, location: 2F
2-2: Ball
3-2: Base on Balls
Batting: SHB Billy Dotson 0-0: Ball
1-0: Ball
2-0: Foul Ball, location: 2F
2-1: Called Strike
2-2: SINGLE (Groundball, 34D, EV 95.6 MPH)
Stanley Zijm to second
Runner from 2nd tries for 3rd, SAFE, throw by RF made to third
Batting: LHB Manuel Carmona 0-0: Foul Ball, location: 2F
0-1: Ball
1-1: Ball
2-1: Ball
3-1: Base on Balls
Billy Dotson to second
Pitching: RHP Mac Hippenhammer
Batting: LHB Buddy Patton 0-0: Ball
1-0: Swinging Strike
1-1: Ground out 4-3 (Groundball, 4S, EV 78.8 MPH)
Bottom of the 8th over - 0 runs, 1 hit, 0 errors, 3 left on base; Long Island 2 - D.C. 4
TOP OF THE 9TH
Long Island Lighthouse batting - Pitching for D.C. Divided : RHP Nand Lal Chaudhary
Pitching: RHP Sidney Crosbie
Batting: RHB Quan Easterling 0-0: Ball
1-0: Called Strike
1-1: Ball
2-1: Foul Ball, location: 2F
2-2: Strikes out swinging
Batting: RHB Carlos Mendoza 0-0: Called Strike
0-1: Swinging Strike
0-2: Strikes out looking
Batting: RHB Eugene Bennett 0-0: Foul Ball, location: 2F
0-1: Called Strike
0-2: Strikes out swinging, 2-3 out at first.
Top of the 9th over - 0 runs, 0 hits, 0 errors, 0 left on base; Long Island 2 - D.C. 4
Friday, March 26th, 2021 - OOTP Baseball 20.8 Build 74